 Dungeon Crawl Stone Soup version 0.29.1-15-g9cfb28693d (webtiles) character file.

Game seed: 16531231476930651035

63 Eryximachus the Insei (level 4, 0/28 HPs)
             Began as an Octopode Transmuter on June 28, 2023.
             Slain by a hobgoblin (3 damage)
             ... on level 2 of the Dungeon on June 29, 2023.
             The game lasted 00:10:30 (2700 turns).

Eryximachus the Insei (Octopode Transmuter)         Turns: 2700, Time: 00:10:31

Health: 0/28       AC:  1    Str:  9    XL:     4   Next: 10%
Magic:  2/8        EV: 13    Int: 17    God:
Gold:   32         SH:  0    Dex: 12    Spells: 2/8 levels left

rFire   . . .      SeeInvis .     - Unarmed
rCold   . . .      Faith    .   (no shield)
rNeg    . . .      Spirit   .   (helmet currently unavailable)
rPois   +          Reflect  .   b - amulet of the acrobat
rElec   .          Harm     .   P - ring of poison resistance
rCorr   .          Rampage  .   (no ring)
Will    .....                   (no ring)
Stlth   ++........              (no ring)
HPRegen 0.09/turn               (no ring)
MPRegen 0.11/turn               (no ring)
                                (no ring)
                                (no ring)

@: appendages, weak-willed, wereblooded
A: tentacle spike 3, almost no armour, amphibious, 8 rings, camouflage 1,
gelatinous body 1, (nimble swimmer 1), tentacles
a: End Transformation


You were on level 2 of the Dungeon.
One of your tentacles had grown a beastly spike.
You visited 1 branch of the dungeon, and saw 2 of its levels.

You collected 32 gold pieces.


Innate Abilities, Weirdness & Mutations

One of your tentacles has grown a beastly spike.
You cannot wear most types of armour.
You are amphibious.
You can wear up to eight rings at the same time.
Your skin changes colour to match your surroundings (Stealth+).
Your rubbery body absorbs attacks. (AC +1, EV +1)
((You are camouflaged when in or above water. (Stealth+)))
You have tentacles for arms and can constrict up to eight enemies at once.


   Skills:
 - Level 1.0 Fighting
 - Level 2.0 Dodging
 - Level 3.0 Unarmed Combat
 + Level 2.7 Spellcasting
 - Level 3.0 Transmutations
 * Level 2.1 Poison Magic


You had 2 spell levels left.
You knew the following spells:

 Your Spells              Type           Power      Damage    Failure   Level
b - Beastly Appendage     Tmut           24%        N/A       5%          1
s - Spider Form           Tmut/Pois      11%        N/A       19%         3
w - Wereblood             Tmut           12%        N/A       8%          2

Your spell library contained the following spells:

 Spells                   Type           Power      Damage    Failure   Level
 Dazzling Flash           Conj/Hex       4%         N/A       47%         3
 Ice Form                 Ice/Tmut       7%         N/A       67%         4
 Agony                    Necr           2%         N/A       99%         5
 Silence                  Hex/Air        1%         N/A       99%         5

Inventory:

Missiles
 d - 21 stones
Jewellery
 b - an amulet of the acrobat (around mantle)
 P - a ring of poison resistance (left tentacle)
Potions
 a - 2 potions of lignification
 c - a potion of magic {unknown}
 e - a potion of might {unknown}
 f - a potion of haste {unknown}
 g - a potion of degeneration
 i - a potion of curing {unknown}
 j - a potion of berserk rage {unknown}
 k - a potion of heal wounds {unknown}
 n - a potion of invisibility {unknown}

Dungeon Overview and Level Annotations

Branches:
Dungeon (2/15)

Altars:
Sif Muna

#.###<.........# #g.S.......#
#..##..........###..........#
##........###....#..........#
##.....>.# ##............#
#.......# ###.........##
#.......## ##........##
#........## #..........#
#.........######g.........#
######..#....g@S..........#
#.########...........# ###
#.# #...........###.. #.#
#..........###..# .S.
#.##......###..## ...g.
#.####..#####.## .......
###.# ##....##.# .........
#...# ####)...###
...........#.### ####......<


You could see an adder and 2 hobgoblins.


Message History

The adder bites you.
The hobgoblin hits you from afar with a +0 spear.
* * * LOW HITPOINT WARNING * * *
You closely miss the adder. You grab the adder. Your squeeze misses the adder.
The adder is lightly wounded.
You constrict the adder, but do no damage.
You feel sick. The adder closely misses you. x2
The hobgoblin hits you from afar with a +0 spear.
* * * LOW HITPOINT WARNING * * *
You tentacle-slap the adder.
The adder is heavily wounded.
You constrict the adder.
You feel sick. The adder closely misses you. x2
The hobgoblin misses you.
Your magical contamination has completely faded away.
You tentacle-slap the adder.
You feel a bit better.
You kill the adder!
You feel sick.
You are no longer poisoned.
The adder bites you.
* * * LOW HITPOINT WARNING * * *
The adder misses you. The hobgoblin barely misses you.
Your Poison Magic skill increases to level 2!
You have reached level 4!
You barely miss the hobgoblin. Your grab misses the hobgoblin.
You squeeze the hobgoblin.
The hobgoblin is severely wounded.
You howl as the wereblood boils in your veins!
The adder bites you but does no damage. The hobgoblin closely misses you.
The hobgoblin hits you.
You die...

Skill      XL: |  1  2  3 |
---------------+----------+-----
Transmutations | 3 |  3.0
Poison Magic   | 2 |  2.1
Fighting       | |  1.0
Dodging        | |  2.0
Unarmed Combat | |  3.0
Spellcasting   | |  2.7

Action                   |  1- 3 |  4- 6 || total
-------------------------+-------+-------++-------
Melee: Unarmed           |    62 |     1 ||    63
       Kick              |    11 |       ||    11
       Constrict         |    16 |       ||    16
       Tentacles         |     9 |     1 ||    10
 Cast: Beastly Appendage |    11 |       ||    11
       Wereblood         |     3 |       ||     3
       Spider Form       |     2 |       ||     2
  Use: Scroll            |     3 |       ||     3
 Stab: Sleeping          |     2 |       ||     2
Armor: Skin              |     2 |     1 ||     3
Dodge: Dodged            |    66 |     1 ||    67

Levels and vault maps discovered:
D:1:      sevenhm_arrival_forest_fort_large_2, layout_rooms,
          grunt_decor_mini_mirrors
D:2:      layout_rooms, basic_altar, grunt_decor_clamped, uniq_jessica

Notes
Turn   | Place    | Note
-------+----------+-------------------------------------------
     0 | D:1      | Eryximachus the Octopode Transmuter began the quest for the
                  | Orb.
     0 | D:1      | Reached XP level 1. HP: 13/13 MP: 3/3
   531 | D:1      | Reached XP level 2. HP: 11/18 MP: 3/5
  1214 | D:1      | Reached skill level 3 in Transmutations
  1214 | D:1      | Reached XP level 3. HP: 10/23 MP: 4/6
  1614 | D:2      | Noticed Jessica
  1620 | D:1      | Learned a level 2 spell: Wereblood
  1624 | D:1      | Learned a level 3 spell: Spider Form
  1930 | D:2      | Killed Jessica
  1931 | D:2      | Reached skill level 1 in Poison Magic
  2193 | D:2      | Found a shimmering blue altar of Sif Muna.
  2699 | D:2      | HP: 2/23 [adder (2)]
  2700 | D:2      | Reached skill level 2 in Poison Magic
  2700 | D:2      | Reached XP level 4. HP: 3/28 MP: 2/8
  2700 | D:2      | Slain by a hobgoblin

Vanquished Creatures
  Jessica (D:2)
  An adder (D:2)
  A dart slug (D:1)
  3 endoplasms (D:1)
  2 goblins
  4 hobgoblins
  4 jackals (D:1)
  2 quokkas
  A bat (D:2)
  2 frilled lizards (D:1)
  3 kobolds (D:1)
  2 rats (D:1)
26 creatures vanquished.

Table legend: (Time is in decaauts)
 A = Elapsed time spent in this place.
 B = Non-inter-level travel time spent in this place.
 C = Inter-level travel time spent in this place.
 D = Time resting spent in this place.
 E = Time spent auto-exploring this place.
 F = Levels seen in this place.
 G = Mean time per level.
                   A        B        C        D        E       F      G
               +--------+--------+--------+--------+--------+-----+--------+
         Total |   2698 |   2639 |     59 |   1600 |    228 |   2 | 1349.0 |
       Dungeon |   2698 |   2639 |     59 |   1600 |    228 |   2 | 1349.0 |
               +--------+--------+--------+--------+--------+-----+--------+

Top non-repeatable levels by time:
     D:1: 1913 daAuts
     D:2: 784 daAuts

Table legend:
 A = Non-vault XP
 B = Vault XP
 C = Vault XP percentage of total XP
 D = Non-vault monster count
 E = Vault monster count
 F = Vault count percentage of total count
                 A         B        C        D         E       F
            +---------+---------+-------+---------+---------+-------
      Total |      54 |      37 |  40.7 |      25 |       1 |   3.8
            +---------+---------+-------+---------+---------+-------
        D:1 |      35 |       0 |   0.0 |      20 |       0 |   0.0
        D:2 |      19 |      37 |  66.1 |       5 |       1 |  16.7
            +---------+---------+-------+---------+---------+-------
